Map: Proxima Station LE

Players

Musumeci - Winner!

  • Race: Zerg Zerg
  • League: Diamond
  • Spawn Location: 7:00

A.I. 1 (Very Easy)

  • Race: Zerg Zerg
  • Spawn Location: 1:00

VOD

Have the link to the VOD?

Description

Time

  • Played on: March 12, 2017, 6:21 a.m.
  • Length: 4:46
Show
View Real Time Build Order
Export as new Build Order

Musumeci Zerg - Winner!

Build Orders: Pool First 

Get SALT Encoding   

  12  0:01  Drone  
  13  0:08  Drone  
  14  0:23  Drone, Extractor  
  15  0:37  Spawning Pool  
  15  0:39  Extractor  
  15  0:40  Drone  
  14  0:45  Extractor  
  14  0:46  Drone  
  15  0:53  Overlord  
  15  1:24  Queen, Zergling x6  
  20  1:35  Zergling x2  
  21  1:40  Metabolic Boost  
  21  1:46  Zergling x2  
  21  2:04  Zergling x2  
  22  2:20  Overlord  
  21  2:35  Zergling x2  
  21  2:39  Hatchery  
  21  2:41  Zergling x2  
  21  2:42  Zergling x6  
  24  2:48  Queen  
  26  2:55  Zergling x2  
  24  3:20  Zergling x2  
  24  3:21  Zergling x8  
  29  3:31  Zergling x2  
  28  3:50  Zergling x2  
  29  4:07  Zergling x4  
  30  4:17  Zergling x2  
  30  4:19  Zergling x8  
Show
View Real Time Build Order
Export as new Build Order

A.I. 1 (Very Easy) Zerg 

Build Orders: Pool Only 

Get SALT Encoding   

  12  0:00  Drone  
  13  0:12  Overlord  
  13  0:17  Drone  
  14  0:38  Spawning Pool  
  14  0:40  Drone, Extractor  
  13  0:47  Drone  
  14  0:52  Overlord  
  14  1:25  Zergling x2  
  14  1:26  Queen  
  14  1:31  Roach Warren  
  16  1:35  Drone  
  16  1:39  Extractor  
  16  1:42  Zergling x2  
  16  1:43  Drone  
  18  1:57  Drone  
  18  2:00  Zergling x2  
  20  2:08  Drone  
  21  2:19  Drone  
  21  2:30  Zergling x2  
  21  2:34  Drone  
  21  2:35  Overlord  
  21  2:42  Drone  
  22  2:47  Zergling x2  
  23  3:03  Drone  
  23  3:04  Zergling x2  
  24  3:07  Queen  
  20  3:21  Drone, Zergling x2  
  22  3:32  Drone  
  23  3:38  Zergling x2  
  21  3:50  Queen  
  21  3:56  Zergling x2  
  18  4:04  Drone  
  17  4:13  Zergling x2  
  18  4:18  Drone  
  18  4:25  Drone  
Tags
 
League
Diamond
Matchup
ZvZ
Race
Zerg
Replay Pack
replay pack
Spawn Locations
Cross Positions
Add a new tag
Caveats
  • Supply blocks, unpowered buildings, or Contaminate may cause inaccurate times.
  • Supply counts are checked every 10 seconds.